 Dungeon Crawl Stone Soup version 0.17-a0-1984-g55f5988 (webtiles) character file.

25404 Ordine the Cruncher (level 12, 100/108 HPs)
             Began as a Minotaur Gladiator on Oct 6, 2015.
             Was the Champion of Okawaru.
             Drowned
             ... on level 3 of the Lair of Beasts.
             The game lasted 01:04:08 (15024 turns).

Ordine the Cruncher (Minotaur Gladiator)           Turns: 15024, Time: 01:04:08

Health: 100/108    AC: 26    Str: 20    XL:     12   Next: 89%
Magic:  14/14      EV: 12    Int:  5    God:    Okawaru [******]
Gold:   132        SH:  0    Dex: 18    Spells: 1 memorised, 7 levels left

rFire  . . .     SeeInvis .     O - +3 dire flail "Lifebane" {freeze, Stlth+}
rCold  + . .     Rnd*Rage +     S - +3 plate armour {rC+}
rNeg   . . .     SustAt   .     (no shield)
rPois  +         Gourm    +     I - +2 hat {Spirit}
rElec  .         Spirit   +     i - +0 cloak
rCorr  .         Warding  .     N - +2 pair of gloves
rMut   .         Stasis   .     o - +0 pair of boots
MR     .....                    r - amulet of the gourmand
Stlth  ..........               q - ring of flight
                                f - ring of poison resistance

@: very slightly contaminated, not resistant to hostile enchantments, extremely
unstealthy
A: retaliatory headbutt, horns 2, agile 1, berserk 1, blink, blurry vision 1,
deterioration 1, low mp 2, wild magic 2, evolution 1
a: Blink, Heroism, Finesse, Renounce Religion, Evoke Flight


You were on level 3 of the Lair of Beasts.
You worshipped Okawaru.
Okawaru was exalted by your worship.
You were not hungry.

You visited 3 branches of the dungeon, and saw 14 of its levels.
You also visited: Ossuary, Ice Cave and Volcano.

You collected 797 gold pieces.
You spent 665 gold pieces at shops.

Inventory:

Hand Weapons
 O - the +3 dire flail "Lifebane" (weapon) {freeze, Stlth+}
   (You found it on level 9 of the Dungeon)

   It has been specially enchanted to freeze those struck by it, causing extra
   injury to most foes and up to half again as much damage against particularly
   susceptible opponents.
   It can also slow down cold-blooded creatures.
   It makes you more stealthy.
Missiles
 d - 3 throwing nets (quivered)
Armour
 i - a +0 cloak (worn)
 o - a +0 pair of boots (worn)
 I - a +2 hat of spirit shield (worn)
 N - a +2 pair of gloves (worn)
 S - a +3 plate armour of cold resistance (worn)
Magical Staves
 t - an uncursed staff of earth
Jewellery
 f - a ring of poison resistance (left hand)
 q - a ring of flight (right hand)
 r - an amulet of the gourmand (around neck)
 u - an uncursed ring of protection from fire
 C - an uncursed ring of sustain attributes
Scrolls
 b - 2 scrolls of teleportation
 h - 3 scrolls of fog
 j - a scroll of fear
 k - 4 scrolls of magic mapping
 v - 2 scrolls of remove curse
 L - 2 scrolls of blinking
Potions
 l - 5 potions of curing
 m - 2 potions of cancellation
 w - 2 potions of invisibility
Comestibles
 G - a beef jerky
 U - a slice of pizza


   Skills:
 + Level 10.6 Fighting
 - Level 14.0 Staves
 - Level 2.0 Throwing
 + Level 10.6 Armour
 + Level 10.7 Dodging
 * Level 1.7 Earth Magic
 - Level 10.0 Invocations


You had 7 spell levels left.
You knew the following spells:

 Your Spells              Type           Power        Failure   Level  Hunger
a - Leda's Liquefaction   Hex/Erth       #.........   100%        4    #####..


Dungeon Overview and Level Annotations

Branches:
Dungeon (10/15)            Temple (1/1) D:7            Lair (3/8) D:8
  Swamp (0/4) Lair:3        Snake (0/4) Lair:3          Orc (0/4) D:9

Altars:
Ashenzari
Cheibriados
Dithmenos
Elyvilon
Fedhas
Gozag
Kikubaaqudgha
Makhleb
Nemelex Xobeh
Okawaru
Qazlal
Ru
Sif Muna
Trog
Vehumet
Xom
Yredelemnul
Zin
The Shining One

Shops:
D:4 =   D:9 (


Innate Abilities, Weirdness & Mutations

You reflexively headbutt those who attack you in melee.
You have a pair of horns on your head.
You are agile. (Dex +2)
You tend to lose your temper in combat.
You can translocate small distances at will.
Scrolls take you a little longer to read.
Your body sometimes deteriorates upon taking damage.
Your magical capacity is very low (-20% MP).
Your spells are harder to cast, but more powerful.
You evolve.


Message History

The bolt of electricity hits you!
You barely miss the electric eel. You headbutt the electric eel!
The electric eel is heavily wounded.
You closely miss the electric eel. Your headbutt misses the electric eel.
The electric eel is heavily wounded.
You bludgeon the electric eel!! You freeze the electric eel.
You kill the electric eel!
Okawaru accepts your kill.
Careful!
You are starting to lose your buoyancy.
Use which ability?
Okay, then.
Read which item? (? for menu, Esc to quit)
You begin reading the scroll.
You continue reading the scroll.
Blink to where?
Press: ? - help, Dir - move target cursor You are very lightly contaminated with residual magic.
As you read the scroll of blinking, it crumbles to dust.
You float gracefully downwards.
You fall into the water!
You sink like a stone!
You drown...
You die...

...............≈≈#
.#..##.........≈≈##
.##.P#........≈≈≈≈#
..............≈≈≈≈##
.....P........≈≈≈≈≈#
.....##......≈≈≈≈≈≈##
.####.#.......≈≈≈≈≈≈###
.≈####.........≈≈≈≈≈≈≈##
≈..............≈@≈≈≈≈≈≈#
............>..≈≈≈##≈≈≈##
.....[...........≈###≈≈≈##
≈................##
##≈≈≈## §#§..............#
#≈≈≈≈# #≈≈...)..........#
##≈≈≈## ....##...........#
##≈≈≈# .#...##..........#
#≈≈≈## ....P#...........#
#≈§≈≈#


There were no monsters in sight!

Vanquished Creatures
  Gastronok (D:8)
  Fannar (Lair:1)
  A hydra (Lair:3)
  Erica (Lair:2)
  A centaur warrior (D:10)
  A hill giant (D:10)
  2 ice statues (IceCv)
  A lindwurm (Volcano)
  A black mamba (Lair:1)
  6 spiny frogs
  A centaur skeleton (D:10)
  3 fire drakes
  A komodo dragon (Lair:1)
  Prince Ribbit (D:7)
  The ghost of Banto the Charmwright, an amateur HESk (D:4)
  A wyvern (D:10)
  2 fire bats (Volcano)
  A deep elf mage (D:8)
  A human (D:6)
  2 hippogriffs
  Eustachio (D:5)
  5 vampire mosquitoes (Lair:3)
  26 yaks
  A basilisk (Lair:1)
  2 mottled dragons (Volcano)
  9 wolves
  2 nagas (Lair:3)
  3 water moccasins
  20 ice beasts
  3 porcupines
  A hell hound (Volcano)
  2 phantoms
  4 orc warriors
  5 sky beasts
  8 ogres
  3 crocodiles
  3 necrophages (D:9)
  A big kobold (D:10)
  2 centaurs
  6 giant frogs
  2 scorpions
  9 wights
  2 electric eels (Lair:3)
  4 killer bees (D:7)
  3 crimson imps
  6 lava snakes (Volcano)
  A jelly (D:9)
  4 hounds
  2 human zombies (Ossuary)
  7 orc priests
  Ijyb (D:3)
  7 orc wizards
  2 centaur zombies (Ossuary)
  7 iguanas
  Terence (D:3)
  8 worker ants
  13 sheep (Lair:1)
  2 big kobold zombies (Ossuary)
  A killer bee zombie (D:9)
  A hound zombie (D:7)
  2 mummies (Ossuary)
  3 gnolls (D:10)
  7 adders
  34 river rats
  3 shadow imps
  An ooze (D:4)
  4 adder skeletons
  2 adder zombies
  2 worms
  40 orcs
  A ball python (D:7)
  10 goblins
  8 hobgoblins
  4 quokkas
  7 bats
  5 giant cockroaches
  A giant cockroach zombie (D:5)
  3 giant geckos
  2 giant newts (D:5)
  8 hobgoblin zombies (Ossuary)
  4 jackals (D:10)
  2 jackal zombies (Ossuary)
  12 kobolds
  13 kobold zombies (Ossuary)
  5 orc zombies (Ossuary)
  5 rats
  A rat zombie (Ossuary)
409 creatures vanquished.

Vanquished Creatures (others)
  3 bushes (Lair:1)
  2 fungi (Lair:2)
5 creatures vanquished.

Grand Total: 414 creatures vanquished

Notes
Turn   | Place    | Note
--------------------------------------------------------------
     0 | D:1      | Ordine the Minotaur Gladiator began the quest for the Orb.
     0 | D:1      | Reached XP level 1. HP: 18/18 MP: 0/0
   207 | D:1      | Reached skill level 4 in Staves
   327 | D:1      | Reached XP level 2. HP: 25/25 MP: 1/1
   722 | D:1      | Gained mutation: You can translocate small distances at will. [potion of mutation]
   722 | D:1      | Gained mutation: Your spells are a little harder to cast, but a little more powerful. [potion of mutation]
   722 | D:1      | Gained mutation: Your spells are harder to cast, but more powerful. [potion of mutation]
   802 | D:2      | Found a white marble altar of Elyvilon.
   808 | D:2      | Reached skill level 5 in Staves
   910 | D:2      | Reached XP level 3. HP: 30/30 MP: 2/2
  1067 | D:2      | Found a faded altar to an unknown god.
  1502 | D:2      | You fall through a shaft for 2 floors!
  2121 | D:3      | Noticed Ijyb
  2135 | D:3      | Killed Ijyb
  2135 | D:3      | Reached skill level 6 in Staves
  2135 | D:3      | Reached XP level 4. HP: 33/37 MP: 3/3
  2509 | D:3      | Noticed Terence
  2521 | D:3      | Killed Terence
  2846 | D:3      | Reached XP level 5. HP: 42/42 MP: 4/4
  2981 | D:4      | Reached skill level 7 in Staves
  3196 | D:4      | Found Heerphig's Jewellery Boutique.
  3206 | D:4      | Noticed a phantom
  3230 | D:4      | Killed a phantom
  3230 | D:4      | Reached skill level 8 in Staves
  3256 | D:4      | Reached XP level 6. HP: 50/50 MP: 5/5
  3609 | D:4      | Noticed Banto's ghost (amateur HESk)
  3620 | D:4      | Killed Banto's ghost
  3620 | D:4      | Reached skill level 9 in Staves
  3620 | D:4      | Reached XP level 7. HP: 32/56 MP: 6/6
  3912 | D:5      | Entered Level 5 of the Dungeon
  3941 | D:5      | Found a shadowy altar of Dithmenos.
  3954 | D:5      | Reached skill level 10 in Staves
  4184 | D:5      | Noticed Eustachio
  4202 | D:5      | Killed Eustachio
  4323 | D:5      | Reached skill level 11 in Staves
  4539 | D:5      | Reached XP level 8. HP: 22/62 MP: 7/7
  4801 | D:5      | Found a sacrificial altar of Ru.
  4804 | D:5      | Found a glowing golden altar of the Shining One.
  5210 | D:6      | Found a sand-covered staircase.
  5217 | Ossuary  | Entered an ossuary
  5369 | Ossuary  | Reached skill level 12 in Staves
  5887 | D:6      | Reached skill level 13 in Staves
  6134 | D:6      | Found a runed door.
  6137 | D:6      | Found a basalt altar of Yredelemnul.
  6732 | D:7      | Reached XP level 9. HP: 60/68 MP: 8/8
  6750 | D:7      | Found a staircase to the Ecumenical Temple.
  6755 | Temple   | Entered the Ecumenical Temple
  6765 | Temple   | Became a worshipper of Warmaster Okawaru
  6782 | D:7      | Reached skill level 14 in Staves
  6798 | D:7      | Got a pitted copper amulet
  6808 | D:7      | Found a snail-covered altar of Cheibriados.
  6809 | D:7      | Identified the amulet "Ikael" {Spirit MR++} (You found it on level 7 of the Dungeon)
  6851 | D:7      | Reached skill level 1 in Armour
  7078 | D:7      | Acquired Okawaru's first power
  7253 | D:7      | Noticed Prince Ribbit
  7266 | D:7      | Killed Prince Ribbit
  7737 | D:8      | Noticed Gastronok
  7772 | D:8      | Killed Gastronok
  7772 | D:8      | Reached skill level 5 in Armour
  7772 | D:8      | Reached XP level 10. HP: 31/84 MP: 7/9
  8119 | D:8      | Found a staircase to the Lair.
  8664 | D:9      | Acquired Okawaru's second power
  8735 | D:9      | Got a crude dire flail
  8754 | D:9      | Identified the +3 dire flail "Lifebane" {freeze, Stlth+} (You found it on level 9 of the Dungeon)
  8856 | D:9      | Gained mutation: Scrolls take you a little longer to read. [mutagenic meat]
  8868 | D:9      | Found Owno's Weapon Boutique.
  8870 | D:9      | Found a staircase to the Orcish Mines.
  9333 | D:9      | Gained mutation: Your magical capacity is low (-10% MP). [mutagenic meat]
  9334 | D:9      | Gained mutation: Your magical capacity is very low (-20% MP). [mutagenic meat]
  9335 | D:9      | Gained mutation: You evolve. [mutagenic meat]
  9336 | D:9      | Gained mutation: You tend to lose your temper in combat. [mutagenic meat]
  9337 | D:9      | Gained mutation: You are agile. (Dex +2) [mutagenic meat]
  9338 | D:9      | Gained mutation: Your body sometimes deteriorates upon taking damage. [mutagenic meat]
  9484 | D:10     | Entered Level 10 of the Dungeon
  9505 | D:10     | Reached XP level 11. HP: 87/96 MP: 7/7
  9576 | D:10     | Noticed a centaur warrior
  9582 | D:10     | Killed a centaur warrior
  9594 | D:10     | Noticed a hill giant
  9600 | D:10     | Killed a hill giant
 10137 | D:10     | Reached skill level 10 in Fighting
 10846 | Lair:1   | Entered Level 1 of the Lair of Beasts
 10892 | Lair:1   | Received a gift from Okawaru
 10892 | Lair:1   | Reached skill level 1 in Invocations
 11275 | Lair:1   | Reached skill level 10 in Armour
 11482 | Lair:1   | Noticed Fannar
 11503 | Lair:1   | Reached skill level 10 in Dodging
 11661 | Lair:1   | Killed Fannar
 11661 | Lair:1   | Reached skill level 5 in Invocations
 12018 | Lair:2   | Noticed Erica
 12027 | Lair:2   | Killed Erica
 12027 | Lair:2   | Reached XP level 12. HP: 97/105 MP: 12/12
 12796 | Lair:3   | Found a frozen archway.
 12837 | IceCv    | Entered an ice cave
 12848 | IceCv    | Received a gift from Okawaru
 13216 | Lair:3   | Found a dark tunnel.
 13230 | Volcano  | Entered a volcano
 13258 | Volcano  | Reached skill level 10 in Invocations
 13510 | Volcano  | Found a burning altar of Makhleb.
 13540 | Volcano  | Found a bloodstained altar of Trog.
 13652 | Lair:3   | Found a staircase to the Swamp.
 13678 | Lair:3   | Found a staircase to the Snake Pit.
 13879 | Lair:3   | Learned a level 4 spell: Leda's Liquefaction
 14068 | Lair:3   | Noticed a four-headed hydra
 14075 | Lair:3   | Killed a four-headed hydra
 14075 | Lair:3   | Reached skill level 1 in Earth Magic
 14141 | Lair:3   | Received a gift from Okawaru
 14142 | Lair:3   | Got a polished arbalest {god gift}
 14143 | Lair:3   | Identified the +6 arbalest of Drought {venom, rN+ MP+9} (Okawaru gifted it to you on level 3 of the Lair of Beasts)
 14623 | D:4      | Bought an uncursed ring of flight for 245 gold pieces
 14623 | D:4      | Bought an uncursed amulet of the gourmand for 420 gold pieces
 15024 | Lair:3   | Drowned

Vault maps used:
D:1:      lemuel_arrival_funnel
D:2:      overflow_temple_1_default, ecumenical_altar_1
D:3:      hangedman_abyss_or_decor_stabs, minmay_cut_off, uniq_iyjb,
          uniq_terence
D:4:      first_bread, serial_shops, kennysheep_mini, st_stairs_4,
          serial_bayou_lake_a
D:5:      lemuel_doored_altar, grunt_temple_overflow_open, uniq_eustachio
D:6:      nicolae_ossuary_entry_ruins, minmay_misc_feat_room,
          dk_yredelemnul_ordeal
D:7:      temple_doors_d, basic_altar, uniq_prince_ribbit1
D:8:      minmay_lair_entry_grove, uniq_gastronok
D:9:      minmay_cut_squares, orc_david_3
Temple:   nicolae_temple_no_exploring_needed
Lair:1:   minmay_hedge_maze, uniq_fannar
Lair:2:   nicolae_lair_grove_arrangements, fungi_pond_lemuel, uniq_erica
Lair:3:   statuecave_lemuel, minmay_swamp_entry_swarm,
          minmay_snake_entry_guardpost_small, nicolae_volcano_entry_lava_flow,
          lab_entry_generic, portal_ice_cave_entry_ice_beasts
Ossuary:  ossuary_tomb_1
IceCv:    ice_cave_statue_garden_01
Volcano:  volcano_grotto

Action                   |  1- 3 |  4- 6 |  7- 9 | 10-12 || total
-------------------------+-------+-------+-------+-------++-------
Melee: Quarterstaff      |    95 |   106 |   405 |   119 ||   725
       Dire flail        |       |       |       |   648 ||   648
Invok: Heroism           |       |       |     1 |     4 ||     5
       Finesse           |       |       |       |     1 ||     1
 Abil: Evoke Flight      |       |       |       |     1 ||     1
Evoke: Wand              |       |       |    11 |       ||    11
  Use: Scroll            |     5 |     4 |     8 |    10 ||    27
       Potion            |     1 |     2 |     1 |     6 ||    10
  Eat: Chunk             |     4 |     5 |    13 |    32 ||    54
       Bread ration      |       |       |       |     1 ||     1
